 Dungeon Crawl Stone Soup version 0.27.1-3-gb3d3a73c9e (webtiles) character file.

Game seed: 12784000260060085261

54170 Skeral the Fighter (level 15, 0/130 HPs)
             Began as a Djinni Conjurer on Oct 30, 2021.
             Was a High Priest of Ashenzari.
             Slain by Saint Roka (9 damage)
             ... on level 2 of the Snake Pit on Oct 31, 2021.
             The game lasted 02:14:56 (12277 turns).

Skeral the Fighter (Djinni Conjurer)               Turns: 12277, Time: 02:14:57

Health: 0/130      AC: 16    Str:  9    XL:     15   Next: 13%
Gold:   1496       EV: 20    Int: 28    God:    Ashenzari [*****.] SH:  0 Dex: 17

rFire    + + .     SeeInvis +   J - +8 dagger of the Astral Yoke {elec, rC+ Dex+4, Self, Melee} (curse)
rCold    + + .     Faith    .   (no shield)
rNeg     + . .     Spirit   .   K - +4 steam dragon scales
rPois    ∞         Reflect  .   w - +2 helmet of the Profound Comet {Melee, Self} (curse)
rElec    .         Harm     .   f - scarf of Ashenzari's Oblivion {repulsion, Range, Self} (curse)
rCorr    +         Rampage  .   s - +0 pair of gloves "Fanaticism of the Sky" {Evo, Range} (curse)
Will     +....     Clarity  +   (boots unavailable)
Stlth    +++.......             g - amulet of the Cursed Secrets {Regen+, Melee, Cun} (curse)
HPRegen  1.31/turn              I - ring of Ashenzari's Annoyance {Int+6, Fort, Evo} (curse)
MPRegen  0.00/turn              U - ring of the Ensconced Sun {rC++ rN+ rCorr Slay+4, Self, Fort} (curse)

@: forested, attractive, flying, studying 2 skills, repel missiles
A: sickness immunity, fire resistance 2, cold vulnerability 1, float, innate
caster, hp casting, extra vitality 1
a: Renounce Religion, Curse Item, Shatter the Chains


You were on level 2 of the Snake Pit.
You worshipped Ashenzari.
Ashenzari was extremely pleased with you.
You visited 4 branches of the dungeon, and saw 15 of its levels.
You also visited: Sewer and Ice Cave.

You collected 1593 gold pieces.
You spent 97 gold pieces at shops.


Innate Abilities, Weirdness & Mutations

You are immune to sickness and miasma.
You are immune to poison.
Your flesh is very heat resistant. (rF++)
You are vulnerable to cold. (rC-)
You float through the air rather than walking.
You learn spells naturally, not from books.
Your magical power is your life essence.
You have superior vitality. (+4 HP)


   Skills:
 + Level 13.8(19.6) Fighting
 - Level 6.4(11.6) Short Blades
 - Level 6.4(10.4) Armour
 + Level 11.5(13.9) Dodging
 - Level 4.0(6.5) Stealth
 - Level 1.7(4.5) Shields
 + Level 11.6(17.5) Spellcasting
 - Level 4.2(8.0) Evocations


You had 11 spell levels left.
You knew the following spells:

 Your Spells              Type           Power      Damage    Failure   Level
a - Apportation           Tloc           100%       N/A       0%          1
c - Corpse Rot            Necr/Air       N/A        N/A       0%          2
d - Dazzling Flash        Conj/Hex       100%       N/A       0%          3
f - Fulminant Prism       Conj/Hex       44%        3d20      0%          4
i - Iskenderun's Mystic   Conj/Tloc      89%        2d17      0%          4
m - Magic Dart            Conj           100%       1d8       0%          1
r - Searing Ray           Conj           100%       3d7       0%          2
s - Static Discharge      Conj/Air       89%        N/A       0%          2
u - Dispel Undead         Necr           89%        3d28      0%          4
D - Death Channel         Necr           44%        N/A       1%          6
F - Summon Forest         Summ/Tloc      44%        N/A       1%          5
S - Sticky Flame          Conj/Fire      89%        2d10      0%          4
Your spell library was empty.

Inventory:

Hand Weapons
 J - the cursed +8 dagger of the Astral Yoke (weapon) {elec, rC+ Dex+4, Self, Melee}
   (You found it on level 9 of the Dungeon)

   It occasionally discharges a powerful burst of electricity upon striking a
   foe.
   Dex:       It affects your dexterity (+4).
   rC:        It protects you from cold.
   It has a curse which improves the following skills: Introspection: Fighting
   and Spellcasting.
   Melee Combat: Short Blades, Long Blades, Axes, Maces & Flails, Polearms,
   Staves and Unarmed Combat.
Armour
 f - the cursed scarf of Ashenzari's Oblivion (worn) {repulsion, Range, Self}
   (You acquired it in the Ecumenical Temple)

   It has a curse which improves the following skills: Ranged Combat: Slings,
   Bows, Crossbows and Throwing.
   Introspection: Fighting and Spellcasting.
 s - the cursed +0 pair of gloves "Fanaticism of the Sky" (worn) {Evo, Range}
   (You found it in an ice cave)

   It has a curse which improves the following skills: Evocations: Evocations.
   Ranged Combat: Slings, Bows, Crossbows and Throwing.
 w - the cursed +2 helmet of the Profound Comet (worn) {Melee, Self}
   (You found it on level 2 of the Dungeon)

   It has a curse which improves the following skills: Melee Combat: Short
   Blades, Long Blades, Axes, Maces & Flails, Polearms, Staves and Unarmed
   Combat.
   Introspection: Fighting and Spellcasting.
 K - +4 steam dragon scales (worn)
   (You found it on level 9 of the Dungeon)
 L - +0 ice dragon scales
   (You found it in an ice cave)
 V - a +1 cloak of cold resistance
   (You found it in an ice cave)
Magical Staves
 C - a staff of death {!a}
   (You found it on level 7 of the Dungeon)
Jewellery
 g - the cursed amulet of the Cursed Secrets (around neck) {Regen+, Melee, Cun}
   (You found it on level 5 of the Dungeon)

   [amulet of regeneration]

   Regen:     It increases your rate of health regeneration.
   It has a curse which improves the following skills: Melee Combat: Short
   Blades, Long Blades, Axes, Maces & Flails, Polearms, Staves and Unarmed
   Combat.
   Cunning:   Dodging and Stealth.
 p - an amulet of reflection
   (You found it on level 9 of the Dungeon)
 I - the cursed ring of Ashenzari's Annoyance (left hand) {Int+6, Fort, Evo}
   (You found it on level 7 of the Dungeon)

   [ring of intelligence]

   Int:       It affects your intelligence (+6).
   It has a curse which improves the following skills: Fortitude: Armour and
   Shields.
   Evocations: Evocations.
 O - a +4 ring of protection
   (You found it in an ice cave)
 S - a ring of willpower
   (You found it in an ice cave)
 U - the cursed ring of the Ensconced Sun (right hand) {rC++ rN+ rCorr Slay+4, Self, Fort}
   (You found it in an ice cave)

   [ring of positive energy]

   Slay:      It affects your accuracy & damage with ranged weapons and melee
   (+4).
   rC:        It greatly protects you from cold.
   rN:        It protects you from negative energy.
   rCorr:     It protects you from acid and corrosion.
   It has a curse which improves the following skills: Introspection: Fighting
   and Spellcasting.
   Fortitude: Armour and Shields.
Wands
 a - a wand of acid (4)
   (You found it on level 6 of the Dungeon)
 u - a wand of polymorph (35)
   (You found it on level 6 of the Dungeon)
 x - a wand of paralysis (16)
   (You found it on level 5 of the Dungeon)
 A - a wand of charming (12)
   (You took it off an orc wizard on level 7 of the Dungeon)
 B - a wand of iceblast (31)
   (You found it on level 7 of the Dungeon)
 M - a wand of flame (19)
   (You found it on level 2 of the Lair of Beasts)
Scrolls
 i - 4 scrolls of holy word
 m - a scroll of immolation {!r!r}
 n - 7 scrolls of magic mapping {!r}
 o - 2 scrolls of fear
 q - 2 scrolls of fog
 r - 2 scrolls of summoning
 y - 2 scrolls of teleportation {@r4}
 G - a scroll of enchant weapon
 R - 2 scrolls of silence {!r}
Potions
 b - a potion of heal wounds {@q2}
 c - a potion of haste {@q3}
 e - 2 potions of might
 h - a potion of berserk rage {!q}
 j - 7 potions of curing {@q1}
 k - 4 potions of lignification {!q}
 l - 3 potions of brilliance
 t - 3 potions of resistance
 z - 3 potions of mutation {!q}
 D - a potion of invisibility
 H - 2 potions of ambrosia
 P - a potion of cancellation

Dungeon Overview and Level Annotations

Branches:
Dungeon (9/15)             Temple (1/1) D:4            Lair (3/6) D:9
  Swamp (0/4) Lair:3        Snake (2/4) Lair:3        Sewer (visited)
  IceCv (visited)
    Orc: D:9-12

Altars:
Ashenzari
Cheibriados
Dithmenos
Elyvilon
Gozag
Kikubaaqudgha
Makhleb
Nemelex Xobeh
Okawaru
Ru
Sif Muna
Uskayaw
Vehumet
Xom
Yredelemnul
Zin
The Shining One

Shops:
D:5 ?   D:6 (

Annotations:
Lair:1 exclusion: 2 oklob plants
Lair:3 3 runed translucent doors, jjjjhere's ghost, journeyman DEAE
Snake:2 Saint Roka

###################### ##
############################
#............##.........(...
#.............'.............
#............##.............
############♣♣♣♣#♣#♣#.♣##.....
#############♣##♣♣#♣#'♣##.....
###.........♣.oR......♣##..)..
###.....÷...<@....♣....##.....
###....................##.....
###....>.........♣)..\.♣#.....
###....)..............\♣♣.....
##....#####♣###♣♣.....♣♣#####
##....########♣#♣.."...######
##.................../<......
###.)..............♣./♣.......
###.....######.♣##♣♣♣♣♣♣##♣###


You could see Saint Roka (burning, ally target) and a friendly dryad (summoned).


Message History

Branches wave dangerously above you.
A tree reaches out and hits the warg!
The warg dies!
A root lunges up near Saint Roka.
The forest calms down.
Saint Roka hits you with a +2 vorpal battleaxe! 😮 HP[-19]
You take 19 damage, and now have 71/130 hp. 😮 HP[+1]
Your snaplasher vine grabs Saint Roka.
Your snaplasher vine hits Saint Roka.
Your snaplasher vine constricts Saint Roka.
Your dryad hits Saint Roka but does no damage.
You feel a bit more experienced.
Saint Roka struggles to escape constriction.
Saint Roka is pulled toward you! 😮 HP[+1]
The vine drags Saint Roka backwards!
Your snaplasher vine hits Saint Roka but does no damage.
Your snaplasher vine constricts Saint Roka.
You feel a bit more experienced.
Your dryad calls out to the forest.
The forest starts to sway and rumble!
Your snaplasher vine loses its grip on Saint Roka.
The vine drags Saint Roka backwards!
Your snaplasher vine closely misses Saint Roka.
Your snaplasher vine completely misses Saint Roka.
Saint Roka calls down the wrath of Beogh upon you.
Beogh smites you!
* * * LOW HITPOINT WARNING * * *
😨 HP[-9]
You take 9 damage, and now have 64/130 hp.
Okay, then.
Casting: Iskenderun's Mystic Blast (safe; 0% risk of failure)
Confirm with . or Enter, or press ? or * to list all spells.
Aiming: Sticky Flame (safe; 0% risk of failure)
Press: ? - help, Shift-Dir - straight line, f - Saint Roka
Aim: Saint Roka, wielding a +2 vorpal battleaxe and wearing a +4 chain mail of fire resistance (moderately wounded, ally target, 100% to hit)
The sticky flame hits Saint Roka.
Saint Roka resists.
Saint Roka is covered in liquid flames!
* * * LOW HITPOINT WARNING * * *
You feel roots moving beneath the ground.
A root smacks Saint Roka from below!
Your snaplasher vine grabs Saint Roka.
Your snaplasher vine hits Saint Roka.
Your snaplasher vine constricts Saint Roka.
You feel a bit more experienced.
Saint Roka hits you with a +2 vorpal battleaxe.
* * * LOW HITPOINT WARNING * * *
x2 Saint Roka hits your snaplasher vine with a +2 vorpal battleaxe. 😨 HP[-10]
You take 10 damage, and now have 54/130 hp.
You puncture Saint Roka!
Saint Roka is hit by a branch!
Your snaplasher vine hits Saint Roka but does no damage.
Your snaplasher vine constricts Saint Roka.
You hit Saint Roka but do no damage. Your dryad hits Saint Roka.
Saint Roka hits you with a +2 vorpal battleaxe.
* * * LOW HITPOINT WARNING * * *
x2 Saint Roka hits your snaplasher vine with a +2 vorpal battleaxe!!
Your snaplasher vine is destroyed!
Saint Roka barely misses your dryad. 😨 HP[-2]
You take 2 damage, and now have 52/130 hp.
You hit Saint Roka but do no damage.
Saint Roka burns!
The trees move their gnarly branches around.
Saint Roka is hit by a branch! 😨 HP[+1]
You hit Saint Roka but do no damage.
Your dryad hits Saint Roka but does no damage.
Saint Roka hits you with a +2 vorpal battleaxe!!
* * * LOW HITPOINT WARNING * * *
x2 Saint Roka hits your dryad but does no damage. 😱 HP[-32]
You take 32 damage, and now have 21/130 hp.
MASSIVE DAMAGE!! (PAUSE)
You feel much better.
Saint Roka burns!
A root smacks Saint Roka from below!
Saint Roka hits your dryad with a +2 vorpal battleaxe!!
Saint Roka closely misses you.
Your dryad hits Saint Roka but does no damage. 😨 HP[+31]
You regained 31 hp, and now have 52/130 hp.
You hit Saint Roka but do no damage.
Saint Roka burns!
Saint Roka stops burning.
A tree reaches out and hits Saint Roka!
Casting: Sticky Flame (safe; 0% risk of failure)
Confirm with . or Enter, or press ? or * to list all spells.
Aiming: Sticky Flame (safe; 0% risk of failure)
Press: ? - help, Shift-Dir - straight line, f/p - Saint Roka
Aim: Saint Roka, wielding a +2 vorpal battleaxe and wearing a +4 chain mail of fire resistance (severely wounded, ally target, 100% to hit)
The sticky flame hits Saint Roka.
Saint Roka resists.
Saint Roka is covered in liquid flames!
* * * LOW HITPOINT WARNING * * *
Saint Roka burns!
Trunks creak and shift.
Saint Roka is hit by a branch!
Your dryad hits Saint Roka but does no damage.
Saint Roka calls down the wrath of Beogh upon your dryad.
Your dryad is smitten. 😨 HP[-2]
You take 2 damage, and now have 50/130 hp.
You hit Saint Roka but do no damage.
Saint Roka hits you with a +2 vorpal battleaxe!!!
* * * LOW HITPOINT WARNING * * *
You die...

Skill      XL: |  1  2  3  4  5  6  7  8  9 10 11 12 13 14 |
---------------+-------------------------------------------+-----
Fighting       | 1 2 3 4 7 8 10 12 13 | 13.8
Spellcasting   | 4 5 6 7 8 10 11 | 11.6
Stealth        | 2 3 4 |  4.0
Short Blades   | 1 2 3 4 5 6 |  6.4
Dodging        | 3 4 7 8 9 11 | 11.5
Armour         | 2 3 5 6 |  6.4
Evocations     | 1 3 4 |  4.2
Shields        | 1 |  1.7

Action                   |  1- 3 |  4- 6 |  7- 9 | 10-12 | 13-15 || total
-------------------------+-------+-------+-------+-------+-------++-------
Melee: Dagger            |     5 |     5 |       |    10 |    68 ||    88
       Short sword       |       |    39 |    24 |    19 |       ||    82
 Fire: Hunting sling     |       |     1 |       |       |       ||     1
 Cast: Magic Dart        |    56 |    76 |     8 |    23 |    15 ||   178
       Searing Ray       |     1 |    27 |    46 |    62 |    95 ||   231
       Dazzling Flash    |       |     1 |     1 |       |     1 ||     3
       Fulminant Prism   |       |       |     3 |    25 |    39 ||    67
       Iskenderun's Myst |       |       |     1 |    45 |    59 ||   105
       Dispel Undead     |       |       |       |     4 |       ||     4
       Sticky Flame      |       |       |       |     3 |     3 ||     6
       Static Discharge  |       |       |       |     1 |       ||     1
       Apportation       |       |       |       |     3 |       ||     3
       Summon Forest     |       |       |       |       |     7 ||     7
       Death Channel     |       |       |       |       |     1 ||     1
Invok: Curse Item        |       |       |     4 |     3 |     4 ||    11
       Shatter the Chain |       |       |       |     2 |     2 ||     4
Evoke: Wand              |       |       |       |     1 |       ||     1
  Use: Scroll            |       |     6 |       |       |     7 ||    13
       Potion            |       |     1 |       |       |     5 ||     6
 Stab: Sleeping          |     1 |     2 |       |     3 |     6 ||    12
       Distracted        |       |       |       |       |     1 ||     1
Armor: Robe              |     1 |    36 |       |       |       ||    37
       Leather armour    |       |     5 |    29 |    14 |     7 ||    55
       Steam dragon scal |       |       |       |       |    28 ||    28
Dodge: Dodged            |     6 |    64 |    55 |   108 |   174 ||   407
       Repelled          |       |       |     1 |     2 |    14 ||    17

Levels and vault maps discovered:
D:1:      roderic_chinese_lattice_arrival, layout_basic,
          shapermc_ecumenical_altar_totnotflames
D:2:      minmay_razor_zed, layout_basic, uniq_terence
D:3:      layout_loops_ring, gup_sewer_entry_pipe, grunt_ministairs_4,
          uniq_natasha
D:4:      layout_loops_cross, minmay_temple_entry_gardened_gates, uniq_robin
D:5:      layout_basic, zin_scriptorium, serial_shops, shop, corexii_shack,
          chequers_arboretum
D:6:      layout_rooms, serial_shops, shop
D:7:      layout_loops_ring, minmay_manual_monstrance
D:8:      layout_basic, hangedman_ru_absence, nicolae_overflow_crystal_walls,
          uniq_gastronok
D:9:      hangedman_cross_cluster, layout_irregular_city,
          nicolae_gozag_cash_rules_everything_around_me,
          chequers_temple_overflow_minitemple, lair_entry_dummy, minmay_bent,
          uniq_pikel
Temple:   dshaligram_water_room_temple
Lair:1:   layout_concentric_octagons, beast_lair_carwin_10,
          minmay_lair_oklob_chamber, uniq_joseph
Lair:2:   layout_chaotic_city, grunt_megastairs_1
Lair:3:   layout_cave_pods, skrybe_swamp_entry_bodies,
          minmay_snake_entry_guardpost_small, ebering_ghost_rock_garden,
          portal_ice_cave_entry_pillars_1, chequers_serial_rivers_micro_d,
          beast_lair_carwin_1, grunt_megastairs_5
Snake:1:  layout_gridlike, guppyfry_library_mini
Snake:2:  layout_grid_maze, uniq_roxanne, uniq_aizul, uniq_saint_roka

Notes
Turn   | Place    | Note
-------+----------+-------------------------------------------
     0 | D:1      | Skeral the Djinni Conjurer began the quest for the Orb.
     0 | D:1      | Reached XP level 1. HP: 15/15 MP: 0/0
     0 | D:1      | magus.rc [v1.10.3]
   277 | D:1      | Reached XP level 2. HP: 19/21 MP: 0/0
   784 | D:1      | Reached skill level 1 in Fighting
   784 | D:1      | Reached XP level 3. HP: 22/27 MP: 0/0
   784 | D:1      | Learned a level 1 spell: Apportation
  1050 | D:1      | Found a faded altar of an unknown god.
  1244 | D:2      | Reached skill level 4 in Spellcasting
  1244 | D:2      | Reached XP level 4. HP: 24/32 MP: 0/0
  1867 | D:2      | Noticed Terence
  1881 | D:2      | Killed Terence
  1882 | D:2      | Reached skill level 2 in Fighting
  2318 | D:2      | Reached XP level 5. HP: 35/38 MP: 0/0
  2318 | D:2      | Learned a level 2 spell: Corpse Rot
  3041 | D:3      | Found a glowing drain.
  3080 | Sewer    | Entered a sewer
  3137 | Sewer    | Reached skill level 2 in Stealth
  3259 | Sewer    | Reached skill level 1 in Short Blades
  3313 | Sewer    | Reached XP level 6. HP: 40/45 MP: 0/0
  3820 | D:3      | Noticed Natasha
  3830 | D:3      | Killed Natasha
  3831 | D:3      | Reached skill level 3 in Fighting
  3875 | D:3      | Noticed Natasha
  3879 | D:3      | Killed Natasha
  4140 | D:4      | Found a staircase to the Ecumenical Temple.
  4142 | D:4      | Noticed Robin
  4146 | Temple   | Entered the Ecumenical Temple
  4168 | Temple   | Became a worshipper of Ashenzari the Shackled
  4168 | Temple   | Identified a scroll of acquirement
  4170 | Temple   | Acquired a scarf of repulsion
  4262 | Temple   | Killed Robin
  4365 | D:4      | Reached skill level 3 in Dodging
  4652 | D:4      | Reached XP level 7. HP: 46/50 MP: 0/0
  4652 | D:4      | Learned a level 2 spell: Static Discharge
  4853 | D:4      | Reached skill level 2 in Short Blades
  4962 | D:5      | Entered Level 5 of the Dungeon
  5097 | D:5      | Reached skill level 3 in Stealth
  5349 | D:5      | Reached skill level 4 in Fighting
  5382 | D:5      | Reached skill level 4 in Dodging
  5382 | D:5      | Reached skill level 5 in Spellcasting
  5382 | D:5      | Reached XP level 8. HP: 51/58 MP: 0/0
  5435 | D:5      | Reached skill level 1 in Armour
  5605 | D:5      | Reached * piety under Ashenzari
  5626 | D:5      | Found a glowing silver altar of Zin.
  5653 | D:5      | Found Jymuxzij's Magic Scroll Shoppe.
  5668 | D:5      | Bought a scroll of fear for 52 gold pieces
  5668 | D:5      | Bought a scroll of teleportation for 45 gold pieces
  5931 | D:6      | Reached skill level 2 in Armour
  5933 | D:6      | Reached skill level 1 in Evocations
  5947 | D:6      | Reached skill level 3 in Short Blades
  6124 | D:6      | Found Xega's Weapon Shoppe.
  6225 | D:7      | Reached XP level 9. HP: 56/64 MP: 0/0
  6225 | D:7      | Learned a level 4 spell: Dispel Undead
  6244 | D:7      | Reached ** piety under Ashenzari
  6295 | D:7      | Reached skill level 5 in Fighting
  6295 | D:7      | Reached skill level 5 in Dodging
  6310 | D:7      | Reached skill level 2 in Evocations
  6444 | D:7      | Reached skill level 3 in Armour
  6578 | D:7      | Reached skill level 3 in Evocations
  6610 | D:7      | Reached *** piety under Ashenzari
  6687 | D:7      | Reached skill level 6 in Fighting
  6687 | D:7      | Reached skill level 6 in Dodging
  6687 | D:7      | Reached skill level 6 in Spellcasting
  6803 | D:8      | Noticed Gastronok
  6856 | D:8      | Killed Gastronok
  6857 | D:8      | Reached skill level 7 in Fighting
  6857 | D:8      | Reached skill level 7 in Dodging
  6857 | D:8      | Reached XP level 10. HP: 75/78 MP: 0/0
  7073 | D:8      | Found a sacrificial altar of Ru.
  7486 | D:8      | Reached skill level 8 in Dodging
  7486 | D:8      | Reached skill level 7 in Spellcasting
  7600 | D:9      | Noticed a two-headed ogre
  7602 | D:9      | Noticed a kobold demonologist
  7610 | D:9      | Killed a two-headed ogre
  7611 | D:9      | Reached skill level 8 in Fighting
  7617 | D:9      | Killed a kobold demonologist
  7618 | D:9      | Reached XP level 11. HP: 66/85 MP: 0/0
  7618 | D:9      | Learned a level 4 spell: Sticky Flame
  7660 | D:9      | Found an opulent altar of Gozag.
  7695 | D:9      | Reached **** piety under Ashenzari
  7723 | D:9      | Identified the +8 dagger of the Ghost {elec, rC+ Dex+4}
  7726 | D:9      | Noticed a deep elf pyromancer
  7740 | D:9      | Killed a deep elf pyromancer
  7746 | D:9      | Noticed an orb spider
  7752 | D:9      | Killed an orb spider
  7753 | D:9      | Reached skill level 9 in Fighting
  7753 | D:9      | Reached skill level 4 in Short Blades
  7773 | D:9      | Noticed an eight-headed hydra
  7783 | D:9      | Killed an eight-headed hydra
  7784 | D:9      | Reached skill level 8 in Spellcasting
  7809 | D:9      | Noticed a boulder beetle
  7872 | D:9      | Noticed Pikel
  7876 | D:9      | Paralysed by Pikel for 3 turns
  7883 | D:9      | Killed Pikel
  7902 | D:9      | Killed a boulder beetle
  7903 | D:9      | Reached skill level 10 in Fighting
  8074 | D:9      | Reached XP level 12. HP: 82/95 MP: 0/0
  8297 | D:9      | Reached skill level 9 in Spellcasting
  8382 | D:9      | Found a staircase to the Lair.
  8387 | Lair:1   | Entered Level 1 of the Lair of Beasts
  8402 | Lair:1   | Noticed a six-headed hydra
  8414 | Lair:1   | Identified the +2 ice dragon scales "Taoseus" {rPois rF-
                  | rC++ rCorr Int+4}
  8423 | Lair:1   | Killed a six-headed hydra
  8444 | Lair:1   | magus.rc [v1.10.3]
  8448 | Lair:1   | Reached skill level 11 in Fighting
  8588 | Lair:1   | Noticed Joseph
  8598 | Lair:1   | Killed Joseph
  8743 | Lair:1   | Noticed a four-headed hydra
  8751 | Lair:1   | Killed a four-headed hydra
  8751 | Lair:1   | Noticed a five-headed hydra
  8759 | Lair:1   | Killed a five-headed hydra
  8977 | Lair:1   | Reached skill level 10 in Spellcasting
  9331 | Lair:2   | Noticed a four-headed hydra
  9341 | Lair:2   | Killed a four-headed hydra
  9342 | Lair:2   | Reached skill level 12 in Fighting
  9362 | Lair:2   | Reached XP level 13. HP: 81/106 MP: 0/0
  9362 | Lair:2   | Learned a level 5 spell: Summon Forest
  9365 | Lair:2   | Noticed a seven-headed hydra
  9372 | Lair:2   | Killed a seven-headed hydra
  9373 | Lair:2   | Reached skill level 9 in Dodging
  9551 | Lair:2   | Noticed an eight-headed hydra
  9565 | Lair:2   | Killed an eight-headed hydra
  9578 | Lair:2   | magus.rc [v1.10.3]
  9869 | Lair:2   | Reached skill level 4 in Armour
  9869 | Lair:2   | Reached skill level 4 in Evocations
  9965 | Lair:3   | Found a frozen archway.
  9983 | Lair:3   | Found a runed translucent gate.
  9983 | Lair:3   | Found a runed translucent gate.
  9985 | Lair:3   | Found a runed translucent gate.
  9985 | Lair:3   | Noticed jjjjhere's ghost (journeyman DEAE)
 10018 | Lair:3   | HP: 23/107 [komodo dragon (23)]
 10136 | IceCv    | Entered an ice cave
 10167 | IceCv    | Reached skill level 5 in Short Blades
 10309 | IceCv    | Noticed an ice dragon
 10331 | IceCv    | Killed an ice dragon
 10340 | IceCv    | Identified the ring "Vaenucra" {rC++ rN+ rCorr Slay+4}
 10590 | Lair:3   | Noticed an eight-headed hydra
 10606 | Lair:3   | Killed an eight-headed hydra
 10607 | Lair:3   | Reached skill level 5 in Armour
 10610 | Lair:3   | Noticed a five-headed hydra
 10618 | Lair:3   | Killed a five-headed hydra
 10700 | Lair:3   | Noticed a catoblepas
 10712 | Lair:3   | Killed a catoblepas
 10803 | Lair:3   | Found a staircase to the Snake Pit.
 10824 | Lair:3   | Found a staircase to the Swamp.
 10829 | Lair:3   | Reached XP level 14. HP: 103/114 MP: 0/0
 10993 | Snake:1  | Entered Level 1 of the Snake Pit
 11076 | Snake:1  | Reached skill level 4 in Stealth
 11079 | Snake:1  | Reached skill level 6 in Short Blades
 11148 | Snake:1  | Reached skill level 10 in Dodging
 11194 | Snake:1  | Reached skill level 1 in Shields
 11206 | Snake:1  | Reached skill level 13 in Fighting
 11279 | Snake:1  | Reached skill level 11 in Spellcasting
 11391 | Snake:1  | Reached skill level 6 in Armour
 11641 | Snake:1  | Identified Qeeliyla's Volume of Fire
 11680 | Snake:1  | Reached ***** piety under Ashenzari
 11838 | Snake:1  | Reached skill level 11 in Dodging
 12078 | Snake:2  | Reached XP level 15. HP: 111/129 MP: 0/0
 12078 | Snake:2  | Learned a level 6 spell: Death Channel
 12193 | Snake:2  | Noticed Saint Roka
 12193 | Snake:2  | Noticed Aizul
 12256 | Snake:2  | Killed Aizul
 12273 | Snake:2  | HP: 26/130 [Saint Roka (27)]
 12277 | Snake:2  | HP: 9/130 [Saint Roka (41)]
 12277 | Snake:2  | Slain by Saint Roka

Vanquished Creatures
  Gastronok (D:8)
  Aizul (Snake:2)
  An ice dragon (IceCv)
  A naga warrior (Snake:1)
  9 hydras
  A two-headed ogre (D:9)
  A boulder beetle (D:9)
  3 anacondas (Snake:1)
  3 naga sharpshooters
  5 shock serpents
  A salamander mystic (Snake:1)
  A bog body (Lair:3)
  2 naga ritualists (Snake:1)
  Pikel (D:9)
  3 mana vipers
  A deep elf pyromancer (D:9)
  An oklob plant (Lair:1)
  3 salamanders
  An orb spider (shapeshifter) (D:9)
  2 ice statues (IceCv)
  Joseph (Lair:1)
  10 naga magi
  10 black mambas
  4 cane toads
  2 kobold demonologists (D:9)
  A rime drake (shapeshifter) (D:9)
  4 rime drakes (IceCv)
  9 komodo dragons
  A polar bear (Lair:3)
  A hornet (D:9)
  2 trolls (D:9)
  A slime creature (D:9)
  3 blink frogs (Lair:2)
  3 wyverns
  A wraith (D:9)
  24 yaks
  A basilisk (Lair:1)
  3 steam dragons
  An acid dragon (D:9)
  17 nagas
  13 water moccasins
  4 ice beasts
  4 black bears
  7 orc warriors
  2 ogres
  A necrophage (D:5)
  4 centaurs
  A lemure (D:9)
  A kobold brigand (D:9)
  11 bullfrogs
  2 wyvern zombies (D:9)
  3 scorpions
  A wyvern skeleton (D:7)
  6 lindwurm simulacra (IceCv)
  11 killer bees
  5 wights
  A howler monkey (D:8)
  2 bullfrog zombies
  A centaur zombie (D:9)
  8 hounds
  2 komodo dragon simulacra (IceCv)
  3 orc priests
  A centaur skeleton (D:5)
  Terence (D:2)
  Natasha (twice) (D:3)
  3 iguanas
  5 orc wizards
  A killer bee zombie (D:9)
  A centaur simulacrum (D:9)
  A hound skeleton (D:5)
  A howler monkey zombie (D:9)
  Robin (Temple)
  4 gnolls
  8 acid dragon simulacra (IceCv)
  5 adders
  A river rat (Sewer)
  2 shadow imps
  2 ufetubi
  3 steam dragon simulacra (IceCv)
  An adder skeleton (D:4)
  5 dart slugs
  21 orcs
  9 ball pythons
  10 endoplasms
  6 giant cockroaches
  18 goblins
  7 hobgoblins
  8 kobolds
  8 quokkas
  6 bats
  12 frilled lizards
  10 rats
  A fulminant prism (D:9)
398 creatures vanquished.

Vanquished Creatures (collateral kills)
  A catoblepas (Lair:3)
  An anaconda (Snake:1)
  A naga sharpshooter (Snake:2)
  2 black mambas (Snake:1)
  A torpor snail (Lair:2)
  A naga mage (Snake:2)
  2 komodo dragons (Lair:3)
  A basilisk (Lair:2)
  A warg (Snake:2)
  An orc warrior (Snake:2)
  A komodo dragon simulacrum (IceCv)
  A steam dragon simulacrum (IceCv)
  2 orcs (Snake:2)
16 creatures vanquished.

Vanquished Creatures (others)
  66 fulminant prisms
  13 fungi
  16 plants
  A snaplasher vine (Snake:2)
96 creatures vanquished.

Grand Total: 510 creatures vanquished

Table legend:
 A = Non-vault XP
 B = Vault XP
 C = Vault XP percentage of total XP
 D = Non-vault monster count
 E = Vault monster count
 F = Vault count percentage of total count
                 A         B        C        D         E       F
            +---------+---------+-------+---------+---------+-------
      Total |   47810 |   29576 |  38.2 |     243 |     169 |  41.0
            +---------+---------+-------+---------+---------+-------
        D:1 |      55 |       0 |   0.0 |      26 |       0 |   0.0
        D:2 |      31 |      61 |  66.3 |      12 |      13 |  52.0
        D:3 |     167 |      51 |  23.4 |      19 |       9 |  32.1
        D:4 |     191 |      12 |   5.9 |      15 |       6 |  28.6
        D:5 |     525 |       3 |   0.6 |      10 |       1 |   9.1
        D:6 |     712 |       0 |   0.0 |      15 |       0 |   0.0
        D:7 |    1290 |     363 |  22.0 |      17 |       3 |  15.0
        D:8 |     708 |    2068 |  74.5 |       9 |       1 |  10.0
        D:9 |    2505 |    7839 |  75.8 |      18 |      32 |  64.0
     Temple |       2 |      26 |  92.9 |       1 |       7 |  87.5
     Lair:1 |    4911 |    3100 |  38.7 |      13 |      11 |  45.8
     Lair:2 |    7468 |    1855 |  19.9 |      30 |       5 |  14.3
     Lair:3 |    3530 |    4992 |  58.6 |       8 |      18 |  69.2
    Snake:1 |   19775 |    3217 |  14.0 |      39 |       8 |  17.0
    Snake:2 |    5940 |    1901 |  24.2 |      11 |      10 |  47.6
      Sewer |       0 |      53 | 100.0 |       0 |      17 | 100.0
      IceCv |       0 |    4035 | 100.0 |       0 |      28 | 100.0
            +---------+---------+-------+---------+---------+-------

Illustrated notes

Table legend:
 A = Kills in this place as a percentage of kills in entire the game.
 B = Kills by you in this place as a percentage of kills by you in the entire game.
 C = Kills by friends in this place as a percentage of kills by friends in the entire game.
 D = Other kills in this place as a percentage of other kills in the entire game.
 E = Experience gained in this place as a percentage of experience gained in the entire game.
 F = Experience gained in this place divided by the number of levels of this place that you have seen.
                   A       B       C       D       E      F
               +-------+-------+-------+-------+-------+----------------------
         Total | 100.0 | 100.0 | 100.0 |   N/A | 100.0 | 4552.1
       Dungeon |  50.0 |  52.0 |   0.0 |   N/A |  21.4 | 1842.3
        Temple |   1.9 |   2.0 |   0.0 |   N/A |   0.0 |  28.0
          Lair |  20.6 |  20.2 |  31.2 |   N/A |  33.4 | 8618.7
     Snake Pit |  16.5 |  14.9 |  56.2 |   N/A |  39.8 | 15416.5
         Sewer |   4.1 |   4.3 |   0.0 |   N/A |   0.1 |  53.0
      Ice Cave |   6.8 |   6.6 |  12.5 |   N/A |   5.2 | 4035.0
               +-------+-------+-------+-------+-------+----------------------

Table legend: (Time is in decaauts)
 A = Elapsed time spent in this place.
 B = Non-inter-level travel time spent in this place.
 C = Inter-level travel time spent in this place.
 D = Time resting spent in this place.
 E = Time spent auto-exploring this place.
 F = Levels seen in this place.
 G = Mean time per level.
                   A        B        C        D        E       F      G
               +--------+--------+--------+--------+--------+-----+--------+
         Total |  12232 |  11816 |    416 |    280 |   4350 |  17 |  719.5 |
       Dungeon |   7873 |   7543 |    330 |    259 |   3656 |   9 |  874.8 |
        Temple |    159 |    146 |     13 |      0 |      0 |   1 |  159.0 |
          Lair |   2256 |   2203 |     53 |      0 |    489 |   3 |  752.0 |
     Snake Pit |   1243 |   1223 |     20 |      0 |    102 |   2 |  621.5 |
         Sewer |    356 |    356 |      0 |     21 |    103 |   1 |  356.0 |
      Ice Cave |    342 |    342 |      0 |      0 |      0 |   1 |  342.0 |
               +--------+--------+--------+--------+--------+-----+--------+

Top non-repeatable levels by time:
     D:2: 1413 daAuts
     D:1: 1215 daAuts
     D:3: 1101 daAuts
 Snake:1: 927 daAuts
  Lair:1: 850 daAuts
     D:9: 812 daAuts
     D:5: 784 daAuts
     D:8: 779 daAuts
     D:4: 717 daAuts
  Lair:3: 710 daAuts
  Lair:2: 696 daAuts
     D:7: 598 daAuts
     D:6: 450 daAuts
   Sewer: 356 daAuts
   IceCv: 342 daAuts
